 Dungeon Crawl Stone Soup version 0.21.1 (webtiles) character file.

2042 Mgcat the Conjurer (level 9, -4/49 HPs)
             Began as a Gargoyle Air Elementalist on Feb 4, 2018.
             Was an Initiate of Vehumet.
             Slain by shakethe's ghost (15 damage)
             ... on level 7 of the Dungeon.
             The game lasted 00:23:27 (10056 turns).

Mgcat the Conjurer (Gargoyle Air Elementalist)     Turns: 10056, Time: 00:23:28

Health: -4/49      AC: 14    Str: 12    XL:     9   Next: 24%
Magic:  2/18       EV: 12    Int: 19    God:    Vehumet [......]
Gold:   463        SH:  0    Dex: 10    Spells: 5/20 levels left

rFire    . . .     SeeInvis .   s - +2 mace (crush)
rCold    . . .     Gourm    .   (no shield)
rNeg     + . .     Faith    .   a - +0 robe
rPois    ∞         Spirit   .   y - +2 hat
rElec    +         Reflect  .   (no cloak)
rCorr    .         Harm     .   l - +1 pair of gloves
MR       .....                  p - +1 pair of boots
Stlth    ++........             (no amulet)
HPRegen  0.16/turn              B - ring of wizardry
MPRegen  0.16/turn              k - +1 ring of slaying

@: no status effects
A: negative energy resistance 1, electricity resistance, unbreathing,
petrification resistance, rot immunity, AC +6
a: Renounce Religion


You were on level 7 of the Dungeon.
You worshipped Vehumet.
Vehumet was noncommittal.
You were not hungry.

You visited 2 branches of the dungeon, and saw 8 of its levels.

You collected 463 gold pieces.

Inventory:

Hand Weapons
 n - a +2 whip of flaming
 s - a +2 mace of crushing (weapon)
Armour
 a - a +0 robe (worn)
 l - a +1 pair of gloves (worn)
 p - a +1 pair of boots (worn)
 y - a +2 hat (worn)
Jewellery
 f - an uncursed ring of protection from cold
 k - a +1 ring of slaying (right hand)
 m - an uncursed ring of ice
 B - a ring of wizardry (left hand)
Wands
 q - a wand of acid (12)
 v - a wand of polymorph (5)
Scrolls
 d - 7 scrolls of teleportation
 e - 2 scrolls of identify
 g - 4 scrolls of magic mapping
 i - 3 scrolls of remove curse
 z - a scroll of fog {unknown}
 A - a scroll of enchant weapon {unknown}
 C - a scroll of fear {unknown}
Potions
 h - a potion of lignification {unknown}
 j - a potion of resistance {unknown}
 o - 2 potions of mutation {unknown}
 r - 2 potions of curing
 t - 2 potions of cancellation {unknown}
 u - a potion of invisibility {unknown}
 x - 4 potions of brilliance {unknown}
Books
 b - a book of Air

   Spells                             Type                      Level
   a - Shock                          Conjuration/Air              1
   b - Swiftness                      Charms/Air                   2
   c - Static Discharge               Conjuration/Air              3
   d - Airstrike                      Air                          4
   e - Lightning Bolt                 Conjuration/Air              5
 w - a book of Minor Magic

   Spells                             Type                      Level
   a - Magic Dart                     Conjuration                  1
   b - Blink                          Translocation                2
   c - Call Imp                       Summoning                    2
   d - Slow                           Hexes                        2
   e - Conjure Flame                  Conjuration/Fire             3
   f - Mephitic Cloud                 Conjuration/Poison/Air       3
Comestibles
 c - 6 rations


   Skills:
 + Level 2.5 Fighting
 + Level 2.3 Maces & Flails
 + Level 2.6 Dodging
 - Level 2.1 Stealth
 + Level 6.0 Spellcasting
 + Level 6.9 Conjurations
 + Level 5.7 Air Magic


You had 5 spell levels left.
You knew the following spells:

 Your Spells              Type           Power        Failure   Level  Hunger
a - Shock                 Conj/Air       ####         1%          1    None
b - Swiftness             Chrm/Air       ###.....     1%          2    None
c - Static Discharge      Conj/Air       ####....     1%          3    ##.....
d - Airstrike             Air            ####......   4%          4    ####...
e - Lightning Bolt        Conj/Air       ####......   9%          5    #####..


Dungeon Overview and Level Annotations

Branches:
Dungeon (7/15)             Temple (1/1) D:7

Altars:
Ashenzari
Cheibriados
Dithmenos
Elyvilon
Fedhas
Gozag
Hepliaklqana
Kikubaaqudgha
Makhleb
Nemelex Xobeh
Okawaru
Qazlal
Ru
Sif Muna
Trog
Uskayaw
Vehumet
Wu Jian
Xom
Yredelemnul
Zin
The Shining One

Shops:
D:5 %

Annotations:
D:7 1 runed door, shakethe's ghost, novice TrMo


Innate Abilities, Weirdness & Mutations

You are resistant to torment.
Your stone body is resilient. (AC +6)
You are immune to poison.
You resist negative energy. (rN+)
You are resistant to electric shocks. (rElec)
You can survive without breathing.
You are immune to petrification.
You are immune to rotting.


Message History

The zap hits shakethe's ghost.
Shakethe's ghost is severely damaged.
Shakethe's ghost hits you!
You hit shakethe's ghost.
Shakethe's ghost is almost destroyed.
Shakethe's ghost hits you.
You barely miss shakethe's ghost.
Shakethe's ghost is severely damaged.
Shakethe's ghost hits you!
* * * LOW HITPOINT WARNING * * *
Shakethe's ghost hits you.
* * * LOW HITPOINT WARNING * * *
You feel better. Shakethe's ghost hits you!
* * * LOW HITPOINT WARNING * * *
You feel better.
Shakethe's ghost hits you but does no damage.
You feel better. Shakethe's ghost hits you!!
* * * LOW HITPOINT WARNING * * *
You feel better. Shakethe's ghost hits you!
You die...

#....# #..........###
#####....# #..........#
#......### #.############
#......# ##..# #.......
#......#####...####.......
#......##...._...##.......
#.................<.......
#......##.........#.......
#......##@W..8.._.#.......
#...[..##.........#.......
#......###.......##.......
#......# #..._...##.......
#......# ###...######.....
######## #..###...##.####
###.####...##.#
#......#...##.#
#......'...'..#


You could see shakethe's ghost.

Vanquished Creatures
  Pikel (D:5)
  Duvessa (D:7)
  A slave (D:5)
  A phantom (D:6)
  2 ogres
  2 centaurs (D:6)
  4 bullfrogs
  A gnoll sergeant (D:5)
  A wyvern skeleton (D:6)
  Dowan (D:7)
  A bullfrog zombie (D:5)
  2 crimson imps (D:6)
  3 hounds
  An iguana (D:6)
  4 worker ants
  Ijyb (D:3)
  A statue (D:7)
  2 hound skeletons
  2 hound zombies (D:6)
  3 worker ant zombies
  11 gnolls
  7 adders
  A shadow imp (D:6)
  An ooze (D:1)
  An adder zombie (D:6)
  2 adder skeletons
  4 worms
  2 dart slugs (D:2)
  5 leopard geckos
  3 ball pythons
  3 giant cockroaches
  5 goblins
  2 hobgoblins
  11 jackals
  2 quokkas
  6 bats
  6 frilled lizards
  3 kobolds
  A leopard gecko skeleton (D:6)
  A quokka skeleton (D:6)
  2 quokka zombies
  11 rats
125 creatures vanquished.

Vanquished Creatures (others)
  A gargoyle (D:1)
  An elf (D:1)
  A troll (D:1)
  A spriggan (D:1)
  A human (D:1)
  A naga (D:1)
  2 dwarves (D:1)
  2 slaves (D:5)
  3 ogres (D:1)
  A worker ant (D:5)
  An orc (D:1)
  A jackal (D:5)
  3 kobolds (D:1)
  4 tentacles (D:1)
23 creatures vanquished.

Grand Total: 148 creatures vanquished

Notes
Turn   | Place    | Note
-------+----------+-------------------------------------------
     0 | D:1      | Mgcat the Gargoyle Air Elementalist began the quest for the Orb.
     0 | D:1      | Reached XP level 1. HP: 10/10 MP: 3/3
     2 | D:1      | Noticed a human
     2 | D:1      | Noticed an ogre
     2 | D:1      | Noticed a spriggan
     2 | D:1      | Noticed a dwarf
     2 | D:1      | Noticed an ogre
     2 | D:1      | Noticed a gargoyle
     2 | D:1      | Noticed an ogre
     2 | D:1      | Noticed a kraken
     2 | D:1      | Noticed a troll
     2 | D:1      | Noticed an elf
     2 | D:1      | Noticed a dwarf
     2 | D:1      | Noticed a naga
     3 | D:1      | Killed an ogre
     5 | D:1      | Killed a human
     5 | D:1      | Killed an ogre
     6 | D:1      | Killed a gargoyle
     6 | D:1      | Killed an ogre
     8 | D:1      | Killed a naga
    10 | D:1      | Killed an elf
    10 | D:1      | Killed a spriggan
    11 | D:1      | Killed a dwarf
    11 | D:1      | Killed a dwarf
    11 | D:1      | Killed a troll
   366 | D:1      | Reached XP level 2. HP: 14/15 MP: 1/5
   778 | D:1      | Learned a level 2 spell: Swiftness
  1075 | D:2      | Reached XP level 3. HP: 16/19 MP: 3/6
  1410 | D:2      | Learned a level 3 spell: Static Discharge
  1520 | D:2      | Noticed a bullfrog
  1530 | D:2      | Killed a bullfrog
  1530 | D:2      | Reached XP level 4. HP: 15/24 MP: 0/8
  1818 | D:2      | Reached XP level 5. HP: 28/28 MP: 3/9
  2240 | D:2      | Found a burning altar of Makhleb.
  2863 | D:3      | Noticed Ijyb
  2865 | D:3      | HP: 1/28 [acid (13)]
  3236 | D:3      | Killed Ijyb
  3643 | D:3      | Noticed a moth of wrath
  3646 | D:3      | Found a bloodstained altar of Trog.
  4018 | D:3      | Found a glowing silver altar of Zin.
  4203 | D:4      | Reached XP level 6. HP: 32/32 MP: 2/11
  4278 | D:4      | Learned a level 4 spell: Airstrike
  4704 | D:4      | Found a glowing golden altar of the Shining One.
  5112 | D:4      | Found a shadowy altar of Dithmenos.
  5357 | D:5      | Entered Level 5 of the Dungeon
  6169 | D:5      | Found a shattered altar of Ashenzari.
  6250 | D:5      | Noticed Pikel
  6250 | D:5      | Noticed a slave
  6250 | D:5      | Noticed a slave
  6252 | D:5      | Noticed a slave
  6254 | D:5      | Noticed a slave
  6260 | D:5      | Killed a slave
  6270 | D:5      | Killed Pikel
  6270 | D:5      | Reached skill level 5 in Conjurations
  6270 | D:5      | Reached XP level 7. HP: 18/36 MP: 1/14
  6543 | D:5      | Reached skill level 5 in Spellcasting
  6543 | D:5      | Reached XP level 8. HP: 41/41 MP: 11/15
  6572 | D:5      | Found Fyjeus's Food Shoppe.
  6602 | D:5      | Found a basalt altar of Yredelemnul.
  6891 | D:5      | Reached skill level 5 in Air Magic
  7039 | D:5      | Learned a level 5 spell: Lightning Bolt
  7671 | D:6      | Found a snail-covered altar of Cheibriados.
  7721 | D:6      | Reached skill level 1 in Fighting
  7721 | D:6      | Reached skill level 1 in Maces & Flails
  8111 | D:6      | Reached XP level 9. HP: 48/48 MP: 12/17
  8524 | D:7      | Found a runed door.
  8731 | D:7      | Found an ornate altar of the Wu Jian Council.
  8875 | D:7      | Noticed Dowan
  8878 | D:7      | Killed Dowan
  8879 | D:7      | Noticed Duvessa
  8923 | D:7      | Killed Duvessa
  9121 | D:7      | Found a stormy altar of Qazlal.
  9121 | D:7      | Found an opulent altar of Gozag.
  9122 | D:7      | Found an iron altar of Okawaru.
  9124 | D:7      | Found a hazy altar of Hepliaklqana.
  9292 | D:7      | Found a staircase to the Ecumenical Temple.
  9326 | Temple   | Entered the Ecumenical Temple
  9858 | D:7      | Found a radiant altar of Vehumet.
  9880 | D:7      | Became a worshipper of Vehumet
 10041 | D:7      | Noticed shakethe's ghost (novice TrMo)
 10056 | D:7      | Slain by shakethe's ghost

Skill      XL: |  1  2  3  4  5  6  7  8  9 |
---------------+----------------------------+-----
Conjurations   | 2 3 5 6 |  6.9
Spellcasting   | 3 4 5 6 |  6.0
Air Magic      | 3 4 5 |  5.7
Fighting       | 1 2 |  2.5
Maces & Flails | 1 2 |  2.3
Dodging        | 2 |  2.6
Stealth        | |  2.1

Action                   |  1- 3 |  4- 6 |  7- 9 || total
-------------------------+-------+-------+-------++-------
Melee: Unarmed           |    26 |       |       ||    26
       Dagger            |    49 |    59 |       ||   108
       Mace              |       |    72 |   154 ||   226
 Cast: Shock             |    31 |    40 |    30 ||   101
       Static Discharge  |     2 |    37 |    20 ||    59
       Airstrike         |       |       |    13 ||    13
  Use: Scroll            |       |     9 |       ||     9
       Potion            |       |     1 |     4 ||     5
 Stab: Sleeping          |     1 |     1 |     1 ||     3
       Distracted        |       |     1 |       ||     1
  Eat: Chunk             |     3 |    12 |    12 ||    27
       Ration            |       |     2 |     1 ||     3
Armor: Robe              |    33 |    71 |   107 ||   211
Dodge: Dodged            |    80 |   156 |   122 ||   358
